 Dungeon Crawl Stone Soup version 0.23.2-1-ga50397a (webtiles) character file.

Game seed: 16843333847926066478

445 Fang the Skirmisher (level 7, -7/44 HPs)
             Began as a Gargoyle Berserker on Apr 23, 2019.
             Was a Priest of Trog.
             Mangled by an ogre
             ... wielding a +0 giant club
              (27 damage)
             ... on level 4 of the Dungeon.
             The game lasted 00:03:06 (2923 turns).

Fang the Skirmisher (Gargoyle Berserker)            Turns: 2923, Time: 00:03:07

Health: -7/44      AC:  8    Str: 22    XL:     7   Next: 3%
Magic:  7/7        EV: 13    Int:  8    God:    Trog [***...]
Gold:   229        SH:  0    Dex:  9    Spells: 6/6 levels left

rFire    . . .     SeeInvis .   a - +0 hand axe
rCold    . . .     Gourm    .   (no shield)
rNeg     + + .     Faith    .   b - +0 animal skin
rPois    ∞         Spirit   .   q - -2 helmet (curse)
rElec    +         Reflect  .   (no cloak)
rCorr    .         Harm     .   (no gloves)
MR       .....                  i - +1 pair of boots
Stlth    +.........             (no amulet)
HPRegen  0.14/turn              t - ring of positive energy
MPRegen  0.10/turn              (no ring)

@: no status effects
A: negative energy resistance 1, electricity resistance, unbreathing,
petrification resistance, rot immunity, AC +4
a: Berserk, Trog's Hand, Renounce Religion


You were on level 4 of the Dungeon.
You worshipped Trog.
Trog was most pleased with you.
You were hungry.

You visited 1 branch of the dungeon, and saw 4 of its levels.
You also visited: Ossuary.

You collected 229 gold pieces.

Inventory:

Hand Weapons
 a - a +0 hand axe (weapon)
Armour
 b - a +0 animal skin (worn)
 i - a +1 pair of boots (worn)
 q - a cursed -2 helmet (worn)
Jewellery
 t - a ring of positive energy (left hand)
Wands
 y - a wand of random effects (17)
Scrolls
 d - 2 scrolls of fog {unknown}
 g - 2 scrolls of amnesia {unknown}
 h - 5 scrolls of identify {unknown}
 m - 2 scrolls of enchant weapon {unknown}
 n - a scroll of remove curse {unknown}
 p - a scroll of random uselessness {unknown}
 r - a scroll of blinking {unknown}
 v - a scroll of teleportation {unknown}
 w - a scroll of magic mapping {unknown}
 x - 2 scrolls of immolation {unknown}
Potions
 e - 2 potions of magic {unknown}
 f - a potion of lignification {unknown}
 j - 4 potions of heal wounds
 k - a potion of might {unknown}
 l - a potion of degeneration {unknown}
 o - a potion of brilliance {unknown}
 s - 2 potions of agility {unknown}
 u - a potion of haste {unknown}
 z - a potion of flight {unknown}
 A - 2 potions of curing {unknown}
Comestibles
 c - 8 rations


   Skills:
 + Level 5.0 Fighting
 + Level 4.2 Axes
 + Level 4.3 Armour
 + Level 3.2 Dodging


You had 6 spell levels left.
You didn't know any spells.
Your spell library was empty.

Dungeon Overview and Level Annotations

Branches:
Dungeon (4/15)
 Temple: D:4-7

Altars:


Innate Abilities, Weirdness & Mutations

You are resistant to torment.
Your stone body is resilient. (AC +4)
You are immune to poison.
You resist negative energy. (rN+)
You are resistant to electric shocks. (rElec)
You can survive without breathing.
You are immune to petrification.
You are immune to rotting.


Message History

You hit the ogre but do no damage.
The ogre is heavily wounded.
The ogre hits you with a +0 giant club.
You slash the ogre!
The ogre is severely wounded.
The ogre hits you with a +0 giant club!
You are too injured to fight recklessly!
You are too injured to fight recklessly!
You are too injured to fight recklessly!
You are too injured to fight recklessly!
You are too injured to fight recklessly!
You are too injured to fight recklessly!
You are too injured to fight recklessly!
You are too injured to fight recklessly!
You are too injured to fight recklessly!
You hit the ogre.
The ogre is almost dead.
The ogre hits you with a +0 giant club!!
Ouch! That really hurt!
You die...

#.. #......#
##. #####.## ..
#.# ... #.# ...
#.# .... #.#
..... #.#
#?#...##.######
#.....O@......#
##....##.####.#
#... #.# #..
#.# #( #.# #
#.# #.# .#


You could see an ogre.

Vanquished Creatures
  Menkaure (D:4)
  Blork the orc (D:4)
  A hound (D:4)
  3 worker ants (D:4)
  3 mummies (Ossuary)
  A worker ant zombie (D:2)
  An adder (D:4)
  An ooze (D:2)
  An adder zombie (Ossuary)
  2 worms
  4 dart slugs
  3 leopard geckos
  8 orcs
  4 giant cockroaches
  2 gnoll zombies (Ossuary)
  8 goblins
  13 hobgoblins
  4 jackals
  6 bats
  5 frilled lizards
  2 goblin zombies (Ossuary)
  3 hobgoblin zombies (Ossuary)
  4 kobolds
  5 kobold zombies (Ossuary)
  3 quokka zombies (Ossuary)
  5 rats
  2 rat zombies (Ossuary)
96 creatures vanquished.

Notes
Turn   | Place    | Note
-------+----------+-------------------------------------------
     0 | D:1      | Fang the Gargoyle Berserker began the quest for the Orb.
     0 | D:1      | Reached XP level 1. HP: 14/14 MP: 1/1
    62 | D:1      | You fall through a shaft!
   156 | D:2      | Reached XP level 2. HP: 10/19 MP: 2/2
   426 | D:2      | Reached XP level 3. HP: 19/24 MP: 3/3
   470 | D:2      | Reached ** piety under Trog
  1026 | D:1      | Reached XP level 4. HP: 29/29 MP: 4/4
  1533 | D:3      | Reached skill level 4 in Fighting
  2192 | D:4      | Noticed Menkaure
  2194 | D:4      | Noticed Blork the orc
  2200 | D:4      | Killed Menkaure
  2200 | D:4      | Reached XP level 5. HP: 32/34 MP: 5/5
  2206 | D:4      | Killed Blork the orc
  2206 | D:4      | Reached XP level 6. HP: 20/39 MP: 6/6
  2364 | D:4      | Reached *** piety under Trog
  2656 | D:4      | Found a sand-covered staircase.
  2666 | Ossuary  | Entered an ossuary
  2750 | Ossuary  | Reached skill level 5 in Fighting
  2914 | D:4      | Reached XP level 7. HP: 38/44 MP: 7/7
  2923 | D:4      | Mangled by an ogre

Skill      XL: |  1  2  3  4  5  6 |
---------------+-------------------+-----
Axes           | 3 4 |  4.2
Dodging        | 2 3 |  3.2
Armour         | 3 4 |  4.3
Fighting       | 4 5 |  5.0

Action                   |  1- 3 |  4- 6 |  7- 9 || total
-------------------------+-------+-------+-------++-------
Melee: Hand axe          |   108 |   245 |     9 ||   362
Invok: Berserk           |       |     2 |       ||     2
 Stab: Sleeping          |     1 |       |       ||     1
  Eat: Chunk             |     1 |     7 |       ||     8
Armor: Animal skin       |    41 |    90 |       ||   131
Dodge: Dodged            |    76 |   185 |     4 ||   265
